 Dungeon Sprint DCSS version 0.22-a0-348-gd16d139 (webtiles) character file.

534984 emperorscorpion the Swordmaster (level 21, -3/336 HPs)
             Began as a Minotaur Berserker on Apr 6, 2018.
             Was the Champion of Trog.
             Slain by Antaeus (40 damage)
             ... in the Dungeon (Sprint IX: "|||||||||||||||||||||||||||||") on Apr 7, 2018.
             The game lasted 01:06:04 (6022 turns).

emperorscorpion the Swordmaster (MiBe)              Turns: 6022, Time: 01:06:05

Health: -3/336     AC: 51    Str: 39    XL:     21   Next: 75%
Magic:  12/12      EV: 23    Int:  3    God:    Trog [******]
Gold:   1011       SH:  0    Dex: 11    Spells: 26/26 levels left

rFire    + + +     SeeInvis +   a - +8 bardiche (antimagic)
rCold    + . .     Gourm    .   (shield currently unavailable)
rNeg     . . .     Faith    .   q - +15 Maxwell's patent armour {-Cast -Tele rElec MR+ rCorr}
rPois    .         Spirit   .   p - +2 hat
rElec    +         Reflect  .   o - +0 cloak {MR+}
rCorr    +         Harm     .   S - +3 pair of gloves of Zimev {rElec Str+3}
MR       +++..     NoTele   +   r - +0 pair of boots Stlth ..........NoCast +
                                H - amulet "Zastappu" {Acrobat rF++ rC+ Str-3}
HPRegen  0.66/turn              R - ring of see invisible
MPRegen  0.13/turn              N - ring "Disitian" {rF+ AC+1 Str+6}

@: berserking, very quick
A: retaliatory headbutt, horns 2, iridescent scales 1, clumsy 1, dopey 1, wild
magic 2
}: 9/15 runes: decaying, serpentine, barnacled, slimy, elven, silver, golden,
abyssal, gossamer
a: Berserk, Trog's Hand, Brothers in Arms, Renounce Religion


You were in the Dungeon.
You worshipped Trog.
Trog was exalted by your worship.
You were not hungry.

You visited 1 branch You collected 1950 gold pieces.
You spent 939 gold pieces at shops.

Inventory:

Hand Weapons
 a - a +8 antimagic bardiche (weapon)
 b - a +9 vampiric glaive
 s - the +12 great sword of the Ecumenical Temple {drain, -Tele rN+ Int+5}
   (Trog gifted it to you in the Dungeon)

   A truly terrible weapon, it drains the life of those it strikes.
   It affects your intelligence (+5).
   It protects you from negative energy.
   It prevents most forms of teleportation.
 W - the +9 great sword of Juthergh {freeze, +Blink Stlth+}
   (Trog gifted it to you in the Dungeon)

   It has been specially enchanted to freeze those struck by it, causing extra
   injury to most foes and up to half again as much damage against particularly
   susceptible opponents.
   It can also slow down cold-blooded creatures.
   It lets you blink.
   It makes you more stealthy.
 X - a +4 antimagic demon blade
 Z - the +5 bardiche "Giantslayer" {flame, rPois rF+ MR- Int+4}
   (You found it in the Dungeon)

   It has been specially enchanted to burn those struck by it, causing extra
   injury to most foes and up to half again as much damage against particularly
   susceptible opponents.
   Big, fiery blades are also staple armaments of hydra-hunters.
   It affects your intelligence (+4).
   It protects you from fire.
   It protects you from poison.
   It affects your resistance to hostile enchantments.
Missiles
 v - 3 silver javelins (quivered)
 J - 8 javelins of penetration
Armour
 o - a +0 cloak of magic resistance (worn)
 p - a +2 hat (worn)
 q - the +15 Maxwell's patent armour (worn) {-Cast -Tele rElec MR+ rCorr}
   (You found it in the Dungeon)

   It insulates you from electricity.
   It affects your resistance to hostile enchantments.
   It prevents spellcasting.
   It prevents most forms of teleportation.
   It protects you from acid and corrosion.
 r - a +0 pair of boots (worn)
 G - +4 gold dragon scales
 S - the +3 pair of gloves of Zimev (worn) {rElec Str+3}
   (You found it in the Dungeon)

   It affects your strength (+3).
   It insulates you from electricity.
 T - a +2 plate armour
Magical Staves
 n - an uncursed staff of energy
Jewellery
 f - the ring of Orphijo {rF+ MR+}
   (You found it in the Dungeon)

   [ring of protection from magic]

   It protects you from fire.
   It affects your resistance to hostile enchantments.
 j - an uncursed ring of protection from magic
 t - a +3 ring of strength
 u - a +3 ring of dexterity
 y - an uncursed amulet of harm
 H - the amulet "Zastappu" (around neck) {Acrobat rF++ rC+ Str-3}
   (You found it in the Dungeon)

   [amulet of the acrobat]

   It helps you evade while moving and waiting.
   It affects your strength (-3).
   It greatly protects you from fire.
   It protects you from cold.
 M - an uncursed amulet of the acrobat
 N - the ring "Disitian" (right hand) {rF+ AC+1 Str+6}
   (You bought it in a shop in the Dungeon)

   [ring of protection]

   It affects your AC (+1).
   It affects your strength (+6).
   It protects you from fire.
 O - an uncursed ring of see invisible
 P - an uncursed ring of ice
 Q - an uncursed ring of protection from fire
 R - a ring of see invisible (left hand)
 U - the amulet "Erustoad" {Reflect Int-5 Dex+5 SH+6}
   (You found it in the Dungeon)

   [amulet of reflection]

   It shields you and reflects attacks.
   It affects your intelligence (-5).
   It affects your dexterity (+5).
   It affects your SH (+6).
 Y - the ring of Vunn {rPois Int+6 Dex+3}
   (You found it in the Dungeon)

   [ring of dexterity]

   It affects your intelligence (+6).
   It affects your dexterity (+3).
   It protects you from poison.
Wands
 m - a wand of iceblast (10)
 K - a wand of clouds (2)
Scrolls
 i - 3 scrolls of blinking
 l - 6 scrolls of remove curse
 B - 3 scrolls of fear
 C - 3 scrolls of fog
 D - 8 scrolls of enchant armour
 E - a scroll of identify
Potions
 d - a potion of curing
 e - 11 potions of heal wounds
 g - 4 potions of magic
 h - 4 potions of berserk rage
 k - a potion of invisibility
 w - a potion of agility
 x - a potion of resistance
 z - a potion of mutation
 A - a potion of lignification
 L - 3 potions of haste
Miscellaneous
 F - the horn of Geryon
Comestibles
 c - a ration


   Skills:
 O Level 27 Fighting
 O Level 27 Long Blades
 O Level 27 Polearms
 O Level 27 Staves
 O Level 27 Throwing
 O Level 27 Armour
 O Level 27 Dodging
 O Level 27 Stealth
 O Level 27 Unarmed Combat
 - Level 3.0 Spellcasting
 O Level 27 Evocations


You had 26 spell levels left.
You didn't know any spells.

Dungeon Overview and Level Annotations

Branches:
Dungeon (1/1)

Altars:
Cheibriados
Dithmenos
Elyvilon
Fedhas
Gozag
Hepliaklqana
Kikubaaqudgha
Makhleb
Nemelex Xobeh
Okawaru
Qazlal
Ru
Sif Muna
Trog
Uskayaw
Vehumet
Wu Jian
Xom
Yredelemnul
Zin
The Shining One
Beogh
Jiyva
Lugonu

Shops:
D ==%=

Annotations:
D Antaeus, Mnoleg


Innate Abilities, Weirdness & Mutations

You reflexively headbutt those who attack you in melee.
You have a pair of horns on your head.
You are partially covered in iridescent scales. (AC +2)
You are clumsy. (Dex -2)
You are dopey. (Int -2)
Your spells are harder to cast, but more powerful.


Message History

You slash Antaeus!
Antaeus's magic leaks into the air.
You headbutt Antaeus, but do no damage.
Antaeus is heavily wounded.
Antaeus hits you! Antaeus freezes you! You resist.
* * * LOW HITPOINT WARNING * * *
Antaeus closely misses you.
You cut Antaeus into ribbons!!!
Antaeus's magic leaks into the air.
You headbutt Antaeus, but do no damage.
Antaeus is severely wounded.
A red film seems to cover your vision as you go berserk!
You feel yourself moving faster!
You feel mighty!
You feel quite a bit more hungry. Antaeus hits you!!
* * * LOW HITPOINT WARNING * * *
Antaeus freezes you!! You resist.
* * * LOW HITPOINT WARNING * * *
Antaeus hits you but does no damage.
You slice Antaeus!!
Antaeus's magic leaks into the air.
Antaeus is severely wounded.
Antaeus hits you!!!
You die...

▓▓▓▓▓▓▓▓▓▓▓▓▓▓▓▓▓▓▓
..........C.......▓
▓▓▓▓▓▓▓▓▓▓▓▓▓▓▓▓▓C▓
................@.▓
▓▓▓▓▓▓▓▓▓▓▓▓▓▓▓▓▓▓▓
...........)')....▓
▓▓▓▓▓▓▓▓▓▓▓▓▓▓▓▓▓(▓
..................▓
♣♣♣▓▓▓▓▓▓▓▓▓▓▓▓▓▓▓▓
))((.........)))).▓
♣♣♣▓▓▓▓▓▓▓▓▓▓▓▓▓▓.▓
..................▓


You could see Antaeus.

Vanquished Creatures
  the Royal Jelly (D)
  Ereshkigal (D)
  Lom Lobon (D)
  5 orbs of fire (D)
  An ancient lich (D)
  2 juggernauts (D)
  6 greater mummies (D)
  Sojobo (D)
  Frederick (D)
  Boris (D)
  Margery (D)
  Xtahua (D)
  A Killer Klown (D)
  A curse toe (D)
  Geryon (D)
  Nikola (D)
  3 golden dragons (D)
  Jory (D)
  A bone dragon (D)
  A lich (D)
  3 tentacled monstrosities (D)
  4 electric golems (D)
  Rupert (D)
  26 Orb Guardians (D)
  9 acid blobs (D)
  3 quicksilver dragons (D)
  2 death cobs (D)
  2 deep elf blademasters (D)
  A tentacled starspawn (D)
  14 sphinxes (D)
  Frances (D)
  3 tengu reavers (D)
  6 shadow dragons (D)
  Kirke (D)
  2 storm dragons (D)
  2 azure jellies (D)
  7 nagarajas (D)
  5 vault wardens (D)
  A ghost moth (D)
  A fire giant (D)
  Louise (D)
  2 draconian scorchers (D)
  Aizul (D)
  An emperor scorpion (D)
  A draconian knight (D)
  3 ironheart preservers (D)
  A draconian shifter (D)
  3 draconian stormcallers (D)
  2 very ugly things (D)
  5 stone giants (D)
  Nessos (D)
  2 starcursed masses (D)
  A green draconian (D)
  10 vampire knights (D)
  A black draconian (D)
  4 deep elf annihilators (D)
  2 purple draconians (D)
  3 white draconians (D)
  2 deep elf death magi (D)
  4 red draconians (D)
  5 yellow draconians (D)
  3 ettins (D)
  Snorg (D)
  5 death oozes (D)
  2 merfolk impalers (D)
  3 yaktaur captains (D)
  2 fire dragons (D)
  A great orb of eyes (D)
  A deep elf high priest (D)
  7 mummy priests (D)
  Harold (D)
  A naga warrior (D)
  25 vault guards (D)
  6 ice dragons (D)
  5 hydras (D)
  Erolcha (D)
  3 centaur warriors (D)
  7 ogre magi (D)
  A two-headed ogre (D)
  A spriggan air mage (D)
  2 merfolk aquamancers (D)
  An orc high priest (D)
  3 deep troll earth magi (D)
  A deep troll shaman (D)
  A spriggan berserker (D)
  A naga sharpshooter (D)
  A shock serpent (D)
  A vampire mage (D)
  Nergalle (D)
  A fire crab (shapeshifter) (D)
  5 hell knights (D)
  A spriggan druid (D)
  A shadow wraith (D)
  A wretched star (D)
  A sea snake (shapeshifter) (D)
  A deep elf archer (D)
  A lindwurm (D)
  7 swamp dragons (D)
  2 ironbrand convokers (D)
  8 orc knights (D)
  3 necromancers (D)
  An orc sorcerer (D)
  A wolf spider (D)
  A cyclops (D)
  A salamander (D)
  7 moths of wrath (D)
  A manticore (D)
  2 black mambas (D)
  A guardian serpent (D)
  2 vault sentinels (D)
  A smoke demon (D)
  Psyche (D)
  5 naga magi (D)
  A spiny frog (D)
  3 demonic crawlers (D)
  4 yaktaurs (D)
  3 komodo dragons (D)
  A freezing wraith (D)
  15 guardian mummies (D)
  A merfolk (D)
  A tengu conjurer (D)
  A hellwing (D)
  A wandering mushroom (D)
  2 jumping spiders (D)
  A meliai (D)
  A hornet (D)
  2 trolls (D)
  4 slime creatures (D)
  A bog body (D)
  A large abomination (D)
  11 spriggans (D)
  A yak (D)
  2 tarantellas (D)
  A golden eye (D)
  A hungry ghost (D)
  A neqoxec (D)
  A chaos spawn (D)
  2 nagas (D)
  2 porcupines (D)
  3 water moccasins (D)
  2 floating eyes (D)
  19 orc warriors (D)
  A swamp drake (D)
  An ice beast (D)
  2 eyes of draining (D)
  A wolf (D)
  A boggart (D)
  A centaur (D)
  A bullfrog (D)
  A killer bee (D)
  A crimson imp (D)
  2 jellies (D)
  3 orc wizards (D)
  A worker ant (D)
  A gnoll (D)
  An adder (D)
  An ufetubus (D)
  A worm (D)
  A dart slug (D)
  A leopard gecko (D)
  10 orcs (D)
  A giant cockroach (D)
  A hobgoblin (D)
  A quokka (D)
  A frilled lizard (D)
  A giant cockroach zombie (D)
  A quokka skeleton (D)
  A rat (D)
453 creatures vanquished.

Vanquished Creatures (collateral kills)
  An ancient lich (D)
  A tentacled monstrosity (D)
  A deep elf master archer (D)
  An acid blob (D)
  A shadow dragon (D)
  Ilsuiw (D)
  A frost giant (D)
  A ghost moth (D)
  A deep elf sorcerer (D)
  2 emperor scorpions (D)
  3 draconian stormcallers (D)
  A black draconian (D)
  A deep elf annihilator (D)
  3 death oozes (D)
  2 merfolk impalers (D)
  2 merfolk javelineers (D)
  A deep elf high priest (D)
  A catoblepas (D)
  A merfolk avatar (D)
  2 merfolk aquamancers (D)
  2 spriggans (D)
  A small abomination (D)
  A sea snake (D)
  2 harpies (D)
  2 lindwurms (D)
  4 wolf spiders (D)
  An ugly thing (D)
  A slime creature (D)
  A cyclops (D)
  A manticore (D)
  3 moths of wrath (D)
  Maurice (D)
  A naga mage (D)
  2 water nymphs (D)
  A spiny frog (D)
  2 komodo dragons (D)
  2 demonic crawlers (D)
  A merfolk (D)
  A polar bear (D)
  2 hornets (D)
  2 bog bodies (D)
  A snapping turtle (D)
  2 redbacks (D)
  A tarantella (D)
  A porcupine (D)
  A water moccasin (D)
  4 worms (D)
  A crawling corpse (D)
73 creatures vanquished.

Vanquished Creatures (others)
  An orb of fire (D)
  A deep elf blademaster (D)
  A human (D)
  2 ball lightnings (D)
  2 starspawn tentacles (D)
7 creatures vanquished.

Grand Total: 533 creatures vanquished

Notes
Turn   | Place    | Note
-------+----------+-------------------------------------------
     0 | D        | emperorscorpion the Minotaur Berserker began the quest for the Orb.
     0 | D        | Reached XP level 1. HP: 19/19 MP: 0/0
    11 | D        | Reached ** piety under Trog
    24 | D        | Noticed a jelly
    24 | D        | Noticed a crimson imp
    24 | D        | Noticed an ice beast
    24 | D        | Noticed a centaur
    28 | D        | Killed a centaur
    28 | D        | Reached XP level 2. HP: 21/34 MP: 1/1
    28 | D        | Reached XP level 3. HP: 23/39 MP: 2/2
    28 | D        | Reached XP level 4. HP: 28/47 MP: 3/3
    30 | D        | Killed an ice beast
    30 | D        | Reached *** piety under Trog
    30 | D        | Reached XP level 5. HP: 37/57 MP: 4/4
    47 | D        | Reached skill level 5 in Armour
    51 | D        | Found a roughly hewn altar of Beogh.
    51 | D        | Found a snail-covered altar of Cheibriados.
    51 | D        | Found a shadowy altar of Dithmenos.
    51 | D        | Found a white marble altar of Elyvilon.
    51 | D        | Found a blossoming altar of Fedhas.
    51 | D        | Found an opulent altar of Gozag.
    52 | D        | Found a hazy altar of Hepliaklqana.
    53 | D        | Found a viscous altar of Jiyva.
    54 | D        | Found an ancient bone altar of Kikubaaqudgha.
    55 | D        | Found a corrupted altar of Lugonu.
    56 | D        | Found a burning altar of Makhleb.
    57 | D        | Found a sparkling altar of Nemelex Xobeh.
    58 | D        | Found an iron altar of Okawaru.
    59 | D        | Found a stormy altar of Qazlal.
    60 | D        | Found a sacrificial altar of Ru.
    61 | D        | Found a deep blue altar of Sif Muna.
    62 | D        | Found a bloodstained altar of Trog.
    63 | D        | Found a hide-covered altar of Uskayaw.
    64 | D        | Found a radiant altar of Vehumet.
    65 | D        | Found an ornate altar of the Wu Jian Council.
    66 | D        | Found a shimmering altar of Xom.
    67 | D        | Found a basalt altar of Yredelemnul.
    68 | D        | Found a glowing silver altar of Zin.
    69 | D        | Found a glowing golden altar of the Shining One.
   133 | D        | Reached **** piety under Trog
   133 | D        | Reached skill level 10 in Fighting
   133 | D        | Reached skill level 10 in Long Blades
   133 | D        | Reached skill level 5 in Dodging
   133 | D        | Reached XP level 6. HP: 59/66 MP: 5/5
   144 | D        | Noticed a hungry ghost
   144 | D        | Noticed a centaur warrior
   144 | D        | Noticed a troll
   147 | D        | Killed a troll
   147 | D        | Reached ***** piety under Trog
   147 | D        | Reached XP level 7. HP: 74/74 MP: 6/6
   151 | D        | Killed a centaur warrior
   151 | D        | Reached XP level 8. HP: 86/86 MP: 7/7
   152 | D        | Received a gift from Trog
   153 | D        | Got a transparent great sword {god gift}
   162 | D        | Identified the +12 great sword of the Ecumenical Temple {drain, -Tele rN+ Int+5} (Trog gifted it to you in the Dungeon)
   219 | D        | Noticed Erolcha
   224 | D        | Killed Erolcha
   224 | D        | Reached skill level 15 in Long Blades
   224 | D        | Reached XP level 9. HP: 96/96 MP: 8/8
   274 | D        | Noticed a komodo dragon
   282 | D        | Noticed a komodo dragon
   283 | D        | Noticed a six-headed hydra
   286 | D        | Killed a komodo dragon
   286 | D        | Received a gift from Trog
   286 | D        | Reached skill level 15 in Fighting
   293 | D        | Killed a komodo dragon
   293 | D        | Reached skill level 10 in Armour
   296 | D        | Killed an eight-headed hydra
   309 | D        | Noticed a catoblepas
   309 | D        | Noticed a komodo dragon
   309 | D        | Noticed a komodo dragon
   311 | D        | Killed a komodo dragon
   311 | D        | Reached XP level 10. HP: 70/107 MP: 9/9
   319 | D        | Killed a catoblepas
   319 | D        | Received a gift from Trog
   327 | D        | Noticed a spiny frog
   329 | D        | Killed a spiny frog
   339 | D        | Noticed a lindwurm
   342 | D        | Killed a lindwurm
   344 | D        | Noticed a lindwurm
   344 | D        | Reached ****** piety under Trog
   345 | D        | Noticed a lindwurm
   350 | D        | Received a gift from Trog
   354 | D        | Killed a lindwurm
   357 | D        | Killed a lindwurm
   395 | D        | Noticed Harold
   408 | D        | Killed Harold
   408 | D        | Reached skill level 1 in Stealth
   417 | D        | Noticed Psyche
   423 | D        | Killed Psyche
   440 | D        | Noticed Maurice
   446 | D        | Killed Maurice
   446 | D        | Received a gift from Trog
   446 | D        | Reached skill level 10 in Dodging
   517 | D        | Received a gift from Trog
   542 | D        | Noticed an orc knight
   542 | D        | Noticed an orc sorcerer
   542 | D        | Noticed an orc high priest
   545 | D        | Killed an orc high priest
   545 | D        | Received a gift from Trog
   545 | D        | Reached XP level 11. HP: 117/117 MP: 10/10
   547 | D        | Killed an orc sorcerer
   557 | D        | Killed an orc knight
   570 | D        | Received a gift from Trog
   588 | D        | Found Mablehib's Jewellery Boutique.
   588 | D        | Noticed an orc knight
   588 | D        | Noticed an orc knight
   590 | D        | Noticed an orc knight
   591 | D        | Killed an orc knight
   596 | D        | Found Saoczuhif's Food Shop.
   599 | D        | Killed an orc knight
   599 | D        | Received a gift from Trog
   604 | D        | Killed an orc knight
   609 | D        | Found Feimis's Jewellery Boutique.
   614 | D        | Found Yclaosmo's Jewellery Shop.
   615 | D        | Noticed an orc knight
   624 | D        | Killed an orc knight
   631 | D        | Noticed an orc knight
   643 | D        | Killed an orc knight
   652 | D        | Bought an uncursed amulet of the acrobat for 360 gold pieces
   655 | D        | Bought the ring "Disitian" {rF+ AC+1 Str+6} for 384 gold pieces
   655 | D        | Bought an uncursed ring of see invisible for 195 gold pieces
   784 | D        | Got the +3 pair of gloves of Zimev {rElec Str+3}
   829 | D        | Noticed a fire crab
   829 | D        | Noticed a two-headed ogre
   831 | D        | Killed a two-headed ogre
   836 | D        | Received a gift from Trog
   838 | D        | Killed a fire crab
   842 | D        | Noticed a deep troll earth mage
   843 | D        | Noticed an ice dragon
   845 | D        | Received a gift from Trog
   848 | D        | Killed a deep troll earth mage
   848 | D        | Reached XP level 12. HP: 121/130 MP: 11/11
   849 | D        | Noticed an ice dragon
   851 | D        | Noticed a green very ugly thing
   852 | D        | Killed an ice dragon
   855 | D        | Noticed a stone giant
   856 | D        | Noticed an ogre mage
   861 | D        | Killed a green very ugly thing
   869 | D        | Killed an ice dragon
   872 | D        | Killed a stone giant
   872 | D        | Received a gift from Trog
   877 | D        | Killed an ogre mage
   929 | D        | Noticed Frances
   938 | D        | Killed Frances
   938 | D        | Reached skill level 15 in Armour
  1000 | D        | Received a gift from Trog
  1013 | D        | Received a gift from Trog
  1042 | D        | Received a gift from Trog
  1053 | D        | Received a gift from Trog
  1058 | D        | HP: 5/137 [spriggan druid/angry trees (13)]
  1065 | D        | Reached skill level 1 in Polearms
  1065 | D        | Reached XP level 13. HP: 10/145 MP: 4/12
  1079 | D        | Noticed a merfolk impaler
  1089 | D        | Received a gift from Trog
  1094 | D        | Killed a merfolk impaler
  1115 | D        | Received a gift from Trog
  1129 | D        | Received a gift from Trog
  1130 | D        | Got a warped great sword {god gift}
  1131 | D        | Identified the +9 great sword of Juthergh {freeze, +Blink Stlth+} (Trog gifted it to you in the Dungeon)
  1163 | D        | Noticed Rupert
  1174 | D        | Killed Rupert
  1179 | D        | Noticed Nergalle
  1186 | D        | Killed Nergalle
  1213 | D        | Noticed Aizul
  1222 | D        | Killed Aizul
  1222 | D        | Received a gift from Trog
  1226 | D        | Noticed Kirke
  1234 | D        | Killed Kirke
  1234 | D        | Reached skill level 5 in Polearms
  1272 | D        | Noticed a fire giant
  1272 | D        | Noticed a cyan very ugly thing
  1289 | D        | Killed a cyan very ugly thing
  1289 | D        | Received a gift from Trog
  1293 | D        | Killed a fire giant
  1296 | D        | Noticed a sphinx
  1299 | D        | Noticed a stone giant
  1299 | D        | Received a gift from Trog
  1306 | D        | Killed a sphinx
  1313 | D        | Killed a stone giant
  1315 | D        | Received a gift from Trog
  1322 | D        | Reached XP level 14. HP: 57/160 MP: 13/13
  1327 | D        | Noticed a stone giant
  1338 | D        | Killed a stone giant
  1355 | D        | Received a gift from Trog
  1366 | D        | Received a gift from Trog
  1377 | D        | Noticed a sphinx
  1379 | D        | Received a gift from Trog
  1385 | D        | Noticed a vault warden
  1388 | D        | Killed a sphinx
  1393 | D        | Got a twisted great sword {god gift}
  1396 | D        | Noticed a vault warden
  1397 | D        | Noticed a vault warden
  1401 | D        | Noticed a frost giant
  1408 | D        | Killed a vault warden
  1408 | D        | Received a gift from Trog
  1408 | D        | Reached skill level 27 in Long Blades
  1416 | D        | Killed a vault warden
  1428 | D        | Killed a vault warden
  1428 | D        | Reached skill level 10 in Polearms
  1431 | D        | Killed a frost giant
  1443 | D        | Received a gift from Trog
  1558 | D        | Upgraded the game from 0.22-a0-346-ga714374 to 0.22-a0-348-gd16d139
  1559 | D        | Identified the +6 great sword of Cyar Isi {freeze, MR+} (Trog gifted it to you in the Dungeon)
  1673 | D        | Noticed Margery
  1679 | D        | Received a gift from Trog
  1691 | D        | Killed Margery
  1691 | D        | Reached skill level 27 in Fighting
  1700 | D        | Received a gift from Trog
  1732 | D        | Noticed Nikola
  1751 | D        | Killed Nikola
  1808 | D        | Received a gift from Trog
  1811 | D        | Reached XP level 15. HP: 120/174 MP: 14/14
  1848 | D        | Received a gift from Trog
  1890 | D        | Got a decaying rune of Zot
  1900 | D        | Noticed a nagaraja
  1900 | D        | Noticed a nagaraja
  1900 | D        | Noticed a nagaraja
  1904 | D        | Killed a nagaraja
  1915 | D        | Noticed a nagaraja
  1915 | D        | Killed a nagaraja
  1926 | D        | Killed a nagaraja
  1926 | D        | Received a gift from Trog
  1926 | D        | Reached skill level 15 in Polearms
  1932 | D        | Killed a nagaraja
  1937 | D        | Received a gift from Trog
  1940 | D        | Noticed a nagaraja
  1945 | D        | Noticed a nagaraja
  1951 | D        | Killed a nagaraja
  1957 | D        | Killed a nagaraja
  1964 | D        | Noticed a nagaraja
  1966 | D        | Got a serpentine rune of Zot
  1972 | D        | Killed a nagaraja
  1972 | D        | Received a gift from Trog
  1972 | D        | Reached skill level 5 in Stealth
  1980 | D        | Noticed Ilsuiw
  1997 | D        | Killed Ilsuiw
  1997 | D        | Received a gift from Trog
  2004 | D        | Received a gift from Trog
  2042 | D        | Got a barnacled rune of Zot
  2062 | D        | Received a gift from Trog
  2064 | D        | Killed a ghost moth
  2073 | D        | Killed a ghost moth
  2093 | D        | Received a gift from Trog
  2096 | D        | Got a gossamer rune of Zot
  2136 | D        | Noticed Frederick
  2138 | D        | Noticed Snorg
  2145 | D        | Killed Frederick
  2150 | D        | Killed Snorg
  2169 | D        | Noticed Nessos
  2175 | D        | Killed Nessos
  2214 | D        | Received a gift from Trog
  2241 | D        | Reached XP level 16. HP: 183/183 MP: 15/15
  2249 | D        | Reached skill level 10 in Stealth
  2255 | D        | Received a gift from Trog
  2327 | D        | Reached skill level 15 in Dodging
  2332 | D        | Received a gift from Trog
  2340 | D        | Noticed a golden dragon
  2342 | D        | Reached skill level 27 in Armour
  2361 | D        | Killed a golden dragon
  2366 | D        | Received a gift from Trog
  2389 | D        | Noticed a shadow dragon
  2390 | D        | Reached skill level 15 in Stealth
  2392 | D        | Received a gift from Trog
  2398 | D        | Killed a shadow dragon
  2404 | D        | Noticed a shadow dragon
  2416 | D        | Killed a shadow dragon
  2439 | D        | Noticed a shadow dragon
  2439 | D        | Noticed a quicksilver dragon
  2439 | D        | Noticed a tentacled monstrosity
  2439 | D        | Noticed a shadow dragon
  2444 | D        | Killed a tentacled monstrosity
  2444 | D        | Received a gift from Trog
  2453 | D        | Noticed a shadow dragon
  2458 | D        | Killed a shadow dragon
  2470 | D        | Killed a shadow dragon
  2477 | D        | Killed a shadow dragon
  2483 | D        | Killed a quicksilver dragon
  2483 | D        | Received a gift from Trog
  2500 | D        | Got a silver rune of Zot
  2532 | D        | Noticed Louise
  2541 | D        | Killed Louise
  2555 | D        | Noticed Jory
  2569 | D        | Killed Jory
  2569 | D        | Received a gift from Trog
  2618 | D        | Got the ring of Orphijo {rF+ MR+}
  2620 | D        | Got the amulet "Zastappu" {Acrobat rF++ rC+ Str-3}
  2622 | D        | Got the amulet "Erustoad" {Reflect Int-5 Dex+5 SH+6}
  2625 | D        | Got the ring of Vunn {rPois Int+6 Dex+3}
  2634 | D        | Got the +5 bardiche "Giantslayer" {flame, rPois rF+ MR- Int+4}
  2638 | D        | Found the +15 Maxwell's patent armour {-Cast -Tele rElec MR+ rCorr}
  2724 | D        | Noticed Xtahua
  2725 | D        | Noticed Boris
  2737 | D        | Killed Xtahua
  2737 | D        | Reached XP level 17. HP: 191/191 MP: 16/16
  2749 | D        | Killed Boris
  2763 | D        | Noticed Sojobo
  2797 | D        | Killed Sojobo
  2797 | D        | Received a gift from Trog
  2851 | D        | Noticed a juggernaut
  2852 | D        | Noticed a juggernaut
  2865 | D        | Killed a juggernaut
  2882 | D        | Received a gift from Trog
  2889 | D        | Killed a juggernaut
  2908 | D        | Noticed a bone dragon
  2925 | D        | Killed a bone dragon
  2940 | D        | Noticed a golden dragon
  2944 | D        | Received a gift from Trog
  2965 | D        | Killed a golden dragon
  2975 | D        | Received a gift from Trog
  2988 | D        | Noticed a golden dragon
  3001 | D        | Noticed a quicksilver dragon
  3026 | D        | Killed a golden dragon
  3064 | D        | Killed a quicksilver dragon
  3086 | D        | Noticed a tentacled monstrosity
  3090 | D        | Killed a tentacled monstrosity
  3091 | D        | Received a gift from Trog
  3091 | D        | Reached XP level 18. HP: 118/200 MP: 17/17
  3141 | D        | Noticed an orb of fire
  3152 | D        | Killed an orb of fire
  3152 | D        | Received a gift from Trog
  3177 | D        | Noticed a curse toe
  3192 | D        | Killed a curse toe
  3199 | D        | Received a gift from Trog
  3241 | D        | Received a gift from Trog
  3350 | D        | Noticed an Orb Guardian
  3350 | D        | Noticed an Orb Guardian
  3350 | D        | Noticed an Orb Guardian
  3350 | D        | Noticed an Orb Guardian
  3350 | D        | Noticed an Orb Guardian
  3350 | D        | Noticed an Orb Guardian
  3355 | D        | Killed an Orb Guardian
  3361 | D        | Killed an Orb Guardian
  3361 | D        | Received a gift from Trog
  3361 | D        | Reached skill level 27 in Stealth
  3368 | D        | Killed an Orb Guardian
  3373 | D        | Killed an Orb Guardian
  3381 | D        | Killed an Orb Guardian
  3381 | D        | Reached skill level 27 in Dodging
  3384 | D        | Noticed an Orb Guardian
  3384 | D        | Killed an Orb Guardian
  3384 | D        | Reached skill level 1 in Spellcasting
  3386 | D        | Noticed an Orb Guardian
  3393 | D        | Killed an Orb Guardian
  3394 | D        | Noticed an Orb Guardian
  3398 | D        | Killed an Orb Guardian
  3399 | D        | Noticed an Orb Guardian
  3403 | D        | Killed an Orb Guardian
  3403 | D        | Reached skill level 27 in Polearms
  3408 | D        | Killed an Orb Guardian
  3408 | D        | Reached skill level 5 in Staves
  3414 | D        | Noticed a tentacled monstrosity
  3414 | D        | Noticed a Killer Klown
  3414 | D        | Noticed an Orb Guardian
  3414 | D        | Noticed an Orb Guardian
  3420 | D        | Received a gift from Trog
  3420 | D        | Reached skill level 5 in Throwing
  3420 | D        | Reached skill level 5 in Unarmed Combat
  3429 | D        | Reached skill level 5 in Evocations
  3433 | D        | Killed an Orb Guardian
  3434 | D        | Noticed an Orb Guardian
  3440 | D        | Noticed an Orb Guardian
  3440 | D        | Killed an Orb Guardian
  3451 | D        | Killed a tentacled monstrosity
  3452 | D        | Killed a Killer Klown
  3452 | D        | Reached skill level 10 in Staves
  3456 | D        | Killed an Orb Guardian
  3456 | D        | Received a gift from Trog
  3456 | D        | Reached XP level 19. HP: 207/207 MP: 21/24
  3460 | D        | Reached skill level 10 in Unarmed Combat
  3475 | D        | Noticed an ancient lich
  3478 | D        | Killed an ancient lich
  3478 | D        | Reached skill level 10 in Throwing
  3481 | D        | Noticed an orb of fire
  3482 | D        | Gained mutation: You are dopey. (Int -2) [an orb of fire]
  3496 | D        | Gained mutation: You are clumsy. (Dex -2) [an orb of fire]
  3497 | D        | Killed an orb of fire
  3500 | D        | Noticed an electric golem
  3501 | D        | Killed an electric golem
  3501 | D        | Reached skill level 15 in Unarmed Combat
  3504 | D        | Noticed an electric golem
  3504 | D        | Noticed an ancient lich
  3504 | D        | Noticed an orb of fire
  3507 | D        | Lost intelligence.
  3507 | D        | Gained mutation: You are very dopey. (Int -4) [an orb of fire]
  3508 | D        | Gained mutation: You are very clumsy. (Dex -4) [an orb of fire]
  3513 | D        | Noticed an orb of fire
  3514 | D        | Lost mutation: You are very clumsy. (Dex -4) [an orb of fire]
  3527 | D        | Lost mutation: You are clumsy. (Dex -2) [potion of mutation]
  3527 | D        | Gained mutation: Your spells are a little harder to cast, but a little more powerful. [potion of mutation]
  3527 | D        | Gained mutation: Your body sometimes deteriorates upon taking damage. [potion of mutation]
  3527 | D        | Gained mutation: You possess an exceptional clarity of mind. [potion of mutation]
  3527 | D        | Lost mutation: You are very dopey. (Int -4) [potion of mutation]
  3528 | D        | Killed an orb of fire
  3528 | D        | Reached skill level 10 in Evocations
  3535 | D        | Noticed an orb of fire
  3540 | D        | Killed an ancient lich
  3554 | D        | Lost mutation: Your body sometimes deteriorates upon taking damage. [potion of mutation]
  3554 | D        | Lost mutation: You possess an exceptional clarity of mind. [potion of mutation]
  3554 | D        | Lost mutation: You are dopey. (Int -2) [potion of mutation]
  3554 | D        | Gained mutation: Your spells are harder to cast, but more powerful. [potion of mutation]
  3554 | D        | Gained mutation: You are dopey. (Int -2) [potion of mutation]
  3554 | D        | Gained mutation: You are partially covered in iridescent scales. (AC +2) [potion of mutation]
  3611 | D        | Noticed an orb of fire
  3663 | D        | Gained mutation: You are clumsy. (Dex -2) [an orb of fire]
  3671 | D        | Killed an orb of fire
  3671 | D        | Received a gift from Trog
  3682 | D        | Killed an orb of fire
  3736 | D        | Killed an orb of fire
  3753 | D        | Noticed an electric golem
  3758 | D        | Received a gift from Trog
  3760 | D        | Noticed an electric golem
  3764 | D        | Killed an electric golem
  3771 | D        | Killed an electric golem
  3777 | D        | Killed an electric golem
  3803 | D        | Received a gift from Trog
  3803 | D        | Reached skill level 27 in Unarmed Combat
  3824 | D        | Reached skill level 15 in Throwing
  3854 | D        | HP: 7/207 [Orb Guardian (8)]
  3868 | D        | Received a gift from Trog
  3868 | D        | Reached XP level 20. HP: 91/216 MP: 17/26
  3899 | D        | Received a gift from Trog
  3929 | D        | Received a gift from Trog
  4022 | D        | Received a gift from Trog
  4047 | D        | Received a gift from Trog
  4064 | D        | Received a gift from Trog
  4102 | D        | Received a gift from Trog
  4104 | D        | Received a gift from Trog
  4116 | D        | Received a gift from Trog
  4146 | D        | Received a gift from Trog
  4181 | D        | Received a gift from Trog
  4181 | D        | Received a gift from Trog
  4187 | D        | Received a gift from Trog
  4190 | D        | Received a gift from Trog
  4212 | D        | Got an elven rune of Zot
  4220 | D        | Received a gift from Trog
  4250 | D        | Reached skill level 27 in Throwing
  4257 | D        | Received a gift from Trog
  4270 | D        | Noticed the Royal Jelly
  4283 | D        | Reached skill level 15 in Staves
  4285 | D        | Paralysed by a floating eye for 4 turns
  4290 | D        | Paralysed by a floating eye for 2 turns
  4300 | D        | Received a gift from Trog
  4309 | D        | Killed the Royal Jelly
  4330 | D        | Received a gift from Trog
  4428 | D        | Got a slimy rune of Zot
  4431 | D        | Paralysed by a floating eye for 4 turns
  4439 | D        | Received a gift from Trog
  4548 | D        | Received a gift from Trog
  4557 | D        | Received a gift from Trog
  4564 | D        | Received a gift from Trog
  4571 | D        | Reached XP level 21. HP: 169/221 MP: 11/34
  4573 | D        | Received a gift from Trog
  4579 | D        | Identified the +4 glaive of Disembowelment {chop, rElec rF+ Dex+5} (Trog gifted it to you in the Dungeon)
  4607 | D        | Received a gift from Trog
  4629 | D        | Received a gift from Trog
  4828 | D        | Received a gift from Trog
  4874 | D        | Received a gift from Trog
  4885 | D        | Received a gift from Trog
  4893 | D        | Noticed a greater mummy
  4893 | D        | Noticed a greater mummy
  4893 | D        | Noticed a greater mummy
  4893 | D        | Noticed a greater mummy
  4979 | D        | Killed a greater mummy
  5008 | D        | Killed a greater mummy
  5027 | D        | Killed a greater mummy
  5027 | D        | Received a gift from Trog
  5030 | D        | Killed a greater mummy
  5030 | D        | Received a gift from Trog
  5051 | D        | Noticed a greater mummy
  5052 | D        | Noticed a greater mummy
  5116 | D        | Killed a greater mummy
  5116 | D        | Reached skill level 27 in Evocations
  5123 | D        | Killed a greater mummy
  5140 | D        | Got a golden rune of Zot
  5150 | D        | Received a gift from Trog
  5155 | D        | Received a gift from Trog
  5163 | D        | Received a gift from Trog
  5179 | D        | Got an abyssal rune of Zot
  5188 | D        | Received a gift from Trog
  5314 | D        | Noticed Geryon
  5323 | D        | Killed Geryon
  5401 | D        | Noticed Ereshkigal
  5401 | D        | Noticed Lom Lobon
  5402 | D        | Noticed Mnoleg
  5825 | D        | Killed Lom Lobon
  5948 | D        | Killed Ereshkigal
  5948 | D        | Reached skill level 27 in Staves
  5977 | D        | Noticed Antaeus
  6022 | D        | Slain by Antaeus

Vault maps used:
D:        linesprint

Skill      XL: |  1  2  3  4  5  6  7  8  9 10 11 12 13 14 15 16 17 18 19 20 21 |
---------------+----------------------------------------------------------------+-----
Fighting       | 7 9 10 11 13 14 15 17 19 21 24 27 | 27.0
Long Blades    | 7 9 10 11 13 15 17 19 22 24 26 27 | 27.0
Armour         | 3 4 5 6 7 8 10 12 14 15 17 20 25 27 | 27.0
Dodging        | 3 4 5 6 7 9 10 11 12 13 14 18 22 27 | 27.0
Stealth        | 1 2 4 9 19 24 27 | 27.0
Polearms       | 1 7 13 20 26 27 | 27.0
Staves         | 10 12 15 27 | 27.0
Throwing       | 9 18 27 | 27.0
Unarmed Combat | 9 27 | 27.0
Spellcasting   | 3 |  3.0
Evocations     | 8 10 21 27 | 27.0

Action                   |  1- 3 |  4- 6 |  7- 9 | 10-12 | 13-15 | 16-18 | 19-21 || total
-------------------------+-------+-------+-------+-------+-------+-------+-------++-------
Melee: Falchion          |    11 |    13 |       |       |       |       |       ||    24
       Headbutt          |     2 |     7 |    10 |    36 |    98 |   162 |   155 ||   470
       Scimitar          |       |    16 |     7 |       |       |       |       ||    23
       Great sword       |       |       |    23 |   149 |   189 |       |       ||   361
       Glaive            |       |       |       |     5 |   142 |   606 |   153 ||   906
       Bardiche          |       |       |       |       |       |       |   510 ||   510
Throw: Throwing net      |       |       |       |       |       |       |     3 ||     3
       Javelin           |       |       |       |       |       |       |    16 ||    16
Invok: Trog's Hand       |     1 |     1 |     3 |     8 |    19 |    11 |    33 ||    76
       Berserk           |     1 |     1 |     1 |       |       |     1 |     5 ||     9
       Brothers in Arms  |       |       |       |     4 |    15 |     6 |     8 ||    33
Evoke: Wand              |       |       |       |       |       |       |     3 ||     3
       Sack of spiders   |       |       |       |       |       |       |     2 ||     2
  Use: Potion            |       |       |       |     1 |     3 |       |    14 ||    18
       Scroll            |       |       |       |       |     8 |     3 |     5 ||    16
 Stab: Petrified         |       |       |       |     1 |       |       |       ||     1
       Distracted        |       |       |       |       |     3 |       |     1 ||     4
       Sleeping          |       |       |       |       |       |     3 |    16 ||    19
       Held in net/web   |       |       |       |       |       |       |     1 ||     1
  Eat: Chunk             |       |       |     2 |     8 |    12 |     8 |    14 ||    44
       Ration            |       |       |       |       |     3 |     1 |     7 ||    11
Armor: Chain mail        |       |     7 |    11 |    13 |       |       |       ||    31
       Animal skin       |       |     1 |       |       |       |       |       ||     1
       Plate armour      |       |       |       |    31 |    97 |   216 |   276 ||   620
Dodge: Dodged            |     5 |    22 |    14 |    85 |   131 |   258 |   321 ||   836
       Rpst.: Falchion   |     2 |     2 |       |       |       |       |       ||     4
       Scimitar          |       |     4 |     1 |       |       |       |       ||     5
       Great sword       |       |       |     3 |    17 |    22 |       |       ||    42

Table legend:
 A = Spawn XP
 B = Non-spawn XP
 C = Spawn XP percentage of total XP
 D = Spawn monster count
 E = Non-spawn monster count
 F = Spawn count percentage of total count
 G = Total turns spent on level
                    A         B        C        D         E        F      G
               +---------+---------+-------+---------+---------+-------+---------
         Total |       0 |  677461 |   0.0 |       0 |     520 |   0.0 |  6022
               +---------+---------+-------+---------+---------+-------+---------
             D |       0 |  677461 |   0.0 |       0 |     520 |   0.0 |  6022
               +---------+---------+-------+---------+---------+-------+---------
